 Dungeon Crawl Stone Soup version 0.31.0-12-g77e489cdc1 (webtiles) character file.

Game seed: 16956429059064078511

8828 ThighHighIncubi the Twirler (level 11, -3/83 HPs)
             Began as a Demonspawn Chaos Knight on Mar 6, 2024.
             Was a Plaything of Xom.
             Killed by divine providence
             ... invoked by an orc priest
              (15 damage)
             ... on level 1 of the Orcish Mines.
             The game lasted 00:41:33 (7916 turns).

ThighHighIncubi the Twirler (DsCK)                  Turns: 7916, Time: 00:41:35

Health: -3/83      AC: 14    Str: 21 (23) XL:     11   Next: 15%
Magic:  21/21      EV: 18    Int: 10 (11) God:    Xom [.*....]
Gold:   727        SH:  5    Dex: 18 (21) Spells: 19/23 levels left

rFire   . . .        Z - +5 falchion (chaos)
rCold   . . .        (no shield)
rNeg    . . .        x - +0 scale mail of Repulsion {Str+3 Dex+6}
rPois   .            (helmet restricted)
rElec   .            (no cloak)
rCorr   .            J - +0 pair of gloves
SInv    +            t - +1 pair of boots {rampage}
Will    +....        l - amulet of reflection Stlth
                     H - ring of wizardry
HPRegen 0.33/turn    N - +5 ring of evasion
MPRegen 0.34/turn

%: reflection, rampage, wizardry (x1)
@: mighty, enlightened, flying, studying Maces & Flails
A: foul stench 1, magic regeneration, sharp scales 3, demonic touch 1, horns 1,
talons 1, see invisible, strong 2, wild magic 2, inability to read after injury
1
a: Renounce Religion


You were on level 1 of the Orcish Mines.
You worshipped Xom.
You were a plaything of Xom.
You visited 2 branches of the dungeon, and saw 11 of its levels.
You also visited: Sewer and Bailey.

You collected 727 gold pieces.

Inventory:

Hand Weapons
 a - a +0 falchion of chaos
 n - a +4 quarterstaff of chaos
 K - a +5 great sword
 V - a +3 trident
 Z - a +5 falchion of chaos (weapon)
Missiles
 d - 8 javelins
 f - 88 stones
 p - 35 poisoned darts
 v - a curare-tipped dart
 G - 4 boomerangs
 P - 3 atropa-tipped darts
Armour
 b - a +3 leather armour
 q - a +2 robe of resistance
 t - a +1 pair of boots of rampaging (worn)
 x - the +0 scale mail of Repulsion (worn) {Str+3 Dex+6}
   (Xom gifted it to you on level 3 of the Dungeon)

   Str+3:     It affects your strength (+3).
   Dex+6:     It affects your dexterity (+6).
 y - the +1 leather armour of the Tarantula {rPois Str+3}
   (You found it on level 4 of the Dungeon)

   Str+3:     It affects your strength (+3).
   rPois:     It protects you from poison
 D - a +0 hat
 J - a +0 pair of gloves (worn)
 R - a +0 barding
 W - +0 steam dragon scales
 X - a +1 animal skin
Jewellery
 k - an amulet of guardian spirit
 l - an amulet of reflection (around neck)
 H - a ring of wizardry (left hand)
 I - a ring of resist corrosion
 N - a +5 ring of evasion (right hand)
 O - a +6 ring of intelligence
 U - a ring of willpower
Talismans
 L - a serpent talisman
Wands
 c - a wand of charming (7)
 e - a wand of light (6)
 o - a wand of flame (14)
 s - a wand of roots (4)
Scrolls
 h - a scroll of enchant weapon
 j - 2 scrolls of poison
 F - a scroll of vulnerability
 S - a scroll of brand weapon
Potions
 m - 4 potions of enlightenment
 u - a potion of degeneration
 A - a potion of berserk rage {unknown}
Miscellaneous
 i - a sack of spiders


   Skills:
 + Level 6.8 Fighting
 * Level 3.4 Long Blades
 - Level 7.3 Staves
 + Level 5.9 Armour
 + Level 5.6 Dodging
 * Level 6.6 Spellcasting
 * Level 6.1 Summonings
 + Level 4.9 Evocations


You had 19 spell levels left.
You knew the following spells:

 Your Spells              Type           Power      Damage    Failure   Level
a - Blink                 Tloc           10%        N/A       41%         2
b - Call Imp              Summ           48%        N/A       6%          2

Your spell library contained the following spells:

 Spells                   Type           Power      Damage    Failure   Level
 Magic Dart               Conj           20%        1d4       30%         1
 Shock                    Conj/Air       20%        1d4       30%         1
 Sting                    Conj/Alch      20%        1d4       30%         1
 Mercury Vapours          Alch/Air       10%        N/A       41%         2
 Scorch                   Fire           10%        2d5       41%         2
 Swiftness                Air            5%         N/A       61%         3
 Airstrike                Air            2%         2d(1-17)  92%         4
 Flame Wave               Conj/Fire      5%         2d5       92%         4
 Olgreb's Toxic Radiance  Alch           5%         N/A       92%         4
 Summon Cactus Giant      Summ           12%        N/A       96%         6


Dungeon Overview and Level Annotations

Branches:
Dungeon (10/15)            Temple (0/1) D:4             Orc (1/2) D:10
  Sewer (visited)          Bailey (visited)
   Lair: D:8-11

Altars:
Ashenzari
Gozag
Hepliaklqana
Xom

Shops:
D:7 [


Innate Abilities, Weirdness & Mutations

You may rarely emit foul miasma when damaged in melee.
You regenerate magic rapidly.
You are completely covered in razor-sharp scales. (AC +3, Slay +3)
Your touch may inflict minor irresistible damage on your foes.
You have a pair of small horns on your head.
You have sharp toenails.
You have supernaturally acute eyesight. (SInv)
Your muscles are very strong. (Str +8, Int/Dex -2)
Your spells are harder to cast, but more powerful.
You occasionally lose the ability to read scrolls when taking damage.


Message History

The fiery explosion engulfs the orc wizard!!
The fiery explosion engulfs your cerulean imp!!
You kill your cerulean imp!
Your cerulean imp disappears in a puff of smoke!
The fiery explosion engulfs the orc!
You kill the orc!
The orc wizard explodes!
The fiery explosion engulfs the orc wizard!!
The orc wizard explodes!
The ogre shouts!
Unknown command.
Unknown command.
You're too confused to move!
Your surroundings suddenly seem different.
An orc warrior and 2 orc priests come into view.
Found 11 gold pieces.
Xom roars with laughter!
The orc priest shouts!
It was a potion of might.
You feel very mighty all of a sudden.
An ogre comes into view. It is wielding a +0 giant spiked club.
It was a potion of mutation.
You feel extremely strange.
Your skeletal structure densifies.
You feel stupid.
You feel less resistant to poisons.
Your skeletal structure returns to normal.
Your toenails lengthen and sharpen.
You occasionally lose the ability to read scrolls when taking damage.
You feel less in control of your magic.
The ogre shouts!
The orc priest mumbles some strange prayers to Beogh against you.
You easily resist.
The orc priest calls down the wrath of Beogh upon you.
You easily resist.
It was a potion of degeneration.
There was something very wrong with that liquid.
You feel weakened.
You feel dopey.
You feel clumsy.
You feel less confused.
The orc priest mumbles some strange prayers to Beogh against you.
Beogh smites you!
You die...
Xom roars with laughter!

......$...
#. ......#
#....O...##
#....oo...
##..#....#
#.....o..##
#........#
#@...# ...
#...#....#
#.. ##.#
...## ##..
## #.##
#... ##
##.. ##...
#.... #....
...#.


You could see an orc warrior, an ogre and 2 orc priests.

Vanquished Creatures
  2 vault guards (Bailey)
  Maggie (D:8)
  Prince Ribbit (Bailey)
  4 fire bats (D:8)
  3 yaks (D:9)
  A fire elemental (D:8)
  2 humans (Bailey)
  A warg (Orc:1)
  Grum (D:8)
  A hell hound (D:8)
  An orc warrior (D:8)
  A sky beast (D:7)
  3 ice beasts
  3 ogres
  A black bear (D:5)
  3 wolves
  6 centaurs
  2 phantoms (D:4)
  2 kobold brigands
  10 bullfrogs
  2 scorpions
  A water moccasin zombie (D:4)
  2 gnoll sergeants
  5 wights (D:9)
  5 killer bees (D:8)
  3 howler monkeys (D:8)
  A bombardier beetle (D:5)
  3 lava snakes
  A centaur zombie (D:4)
  4 hounds
  A gnoll bouda (D:4)
  Crazy Yiuf (D:2)
  8 orc priests
  A jelly (D:6)
  A sleepcap (D:5)
  Jessica (D:2)
  4 iguanas
  15 orc wizards
  A scorpion zombie (D:4)
  A hound zombie (D:4)
  A hound skeleton (D:4)
  A howler monkey zombie (D:4)
  14 gnolls
  A river rat (Sewer)
  6 adders
  A shadow imp (D:6)
  2 ufetubi (D:6)
  An adder skeleton (D:4)
  A ribbon worm (D:3)
  3 dart slugs
  44 orcs
  3 ball pythons (D:2)
  3 endoplasms
  2 giant cockroaches (D:1)
  12 goblins
  6 hobgoblins
  10 jackals
  6 quokkas
  2 bats (D:3)
  2 frilled lizards (D:3)
  A jackal skeleton (D:4)
  10 kobolds
  7 rats
  A spectral goblin (D:9)
250 creatures vanquished.

Vanquished Creatures (collateral kills)
  A wolf (D:8)
  3 killer bees (D:8)
  2 centaur skeletons (D:4)
  A jelly (D:8)
  2 orc priests
  An orc wizard (D:8)
  An adder zombie (D:4)
  8 orcs (D:10)
  A giant cockroach (D:2)
  A hobgoblin (D:2)
21 creatures vanquished.

Vanquished Creatures (others)
  2 kobold brigands (Sewer)
  An orc wizard (D:4)
  4 kobolds
7 creatures vanquished.

Grand Total: 278 creatures vanquished

Notes
Turn   | Place    | Note
-------+----------+-------------------------------------------
     0 | D:1      | ThighHighIncubi the Demonspawn Chaos Knight began the quest
                  | for the Orb.
     0 | D:1      | Reached XP level 1. HP: 18/18 MP: 1/1
    28 | D:1      | Reached skill level 1 in Dodging
   255 | D:1      | XOM: potion effect (brilliance)
   261 | D:1      | Gained mutation: You may rarely emit foul miasma when
                  | damaged in melee. [demonic ancestry]
   261 | D:1      | Reached XP level 2. HP: 24/24 MP: 2/2
   463 | D:2      | XOM: divination: magic mapping
   534 | D:2      | Reached XP level 3. HP: 24/29 MP: 3/3
   699 | D:2      | Found a runed translucent door.
   700 | D:2      | Noticed Crazy Yiuf
   709 | D:2      | Killed Crazy Yiuf
   819 | D:2      | XOM: silly message
   837 | D:2      | XOM: cast spell 'Animate Armour'
   999 | D:2      | Noticed Jessica
  1003 | D:2      | Killed Jessica
  1004 | D:2      | Reached XP level 4. HP: 33/35 MP: 4/4
  1166 | D:2      | Reached skill level 1 in Staves
  1169 | D:2      | XOM: smoke on damage
  1231 | D:2      | Found a faded altar of an unknown god.
  1301 | D:2      | XOM: divination: magic mapping
  1468 | D:3      | XOM: 4-stop teleportation journey
  1625 | D:3      | XOM: god gift: book of Minor Magic
  1630 | D:3      | Learned a level 2 spell: Blink
  1780 | D:3      | Found a glowing drain.
  1782 | D:3      | Reached XP level 5. HP: 42/42 MP: 4/6
  1791 | Sewer    | Entered a sewer
  1856 | Sewer    | XOM: give mutations
  1856 | Sewer    | Gained mutation: Your mind is acute. (Int +4, Str/Dex -1)
                  | [Xom's grace]
  1856 | Sewer    | Gained mutation: You have supernaturally acute eyesight.
                  | (SInv) [Xom's grace]
  1856 | Sewer    | Gained mutation: You have a pair of small horns on your
                  | head. [Xom's grace]
  1887 | Sewer    | XOM: destruction
  1888 | Sewer    | Reached skill level 1 in Spellcasting
  1939 | Sewer    | XOM: divination: detect items
  2176 | D:3      | XOM: god gift: ichor-stained scale mail {god gift}
  2176 | D:3      | Identified the +0 scale mail of Repulsion {Str+3 Dex+6}
                  | (Xom gifted it to you on level 3 of the Dungeon)
  2235 | D:3      | Reached skill level 2 in Staves
  2661 | D:4      | Noticed a phantom
  2662 | D:4      | XOM: enchant monster (good)
  2664 | D:4      | XOM: confuse monster(s)
  2684 | D:4      | Reached XP level 6. HP: 48/48 MP: 6/8
  2706 | D:4      | Found a staircase to the Ecumenical Temple.
  2718 | D:4      | XOM: swap monsters
  2760 | D:4      | Identified a scroll of acquirement
  2760 | D:4      | Acquired a +1 pair of boots of rampaging
  2760 | D:4      | XOM: summons 3 friendly demons
  2815 | D:4      | Reached skill level 3 in Staves
  2843 | D:4      | XOM: silly message
  2869 | D:4      | XOM: enchant monster (bad)
  2874 | D:4      | Gained mutation: You are partially covered in razor-sharp
                  | scales. (AC +1, Slay +1) [demonic ancestry]
  2874 | D:4      | Reached XP level 7. HP: 11/55 MP: 8/10
  2901 | D:4      | XOM: noise
  3012 | D:4      | XOM: 3-stop teleportation journey
  3015 | D:4      | XOM: give mutations
  3015 | D:4      | Gained mutation: Your muscles are strong. (Str +4, Int/Dex
                  | -1) [Xom's mischief]
  3015 | D:4      | Gained mutation: Your spells are a little harder to cast,
                  | but a little more powerful. [Xom's mischief]
  3015 | D:4      | Gained mutation: Your muscles are very strong. (Str +8,
                  | Int/Dex -2) [Xom's mischief]
  3046 | D:4      | XOM: polymorph butterfly -> glowing shapeshifter
  3054 | D:4      | XOM: blink monster(s)
  3196 | D:4      | XOM: 4-stop teleportation journey
  3215 | D:4      | XOM: confuse monster(s)
  3223 | D:4      | Reached skill level 1 in Evocations
  3356 | D:4      | XOM: fog
  3413 | D:4      | Identified the +1 leather armour of the Tarantula {rPois
                  | Str+3}
  3742 | D:5      | Entered Level 5 of the Dungeon
  3881 | D:5      | Reached skill level 4 in Staves
  4011 | D:5      | Gained mutation: You regenerate magic rapidly. [demonic
                  | ancestry]
  4011 | D:5      | Reached XP level 8. HP: 49/61 MP: 12/12
  4149 | D:5      | Reached skill level 5 in Fighting
  4234 | D:5      | XOM: 2-stop teleportation journey
  4291 | D:5      | XOM: divination: detect items
  4346 | D:5      | XOM: 1-stop teleportation journey
  4374 | D:5      | Learned a level 2 spell: Call Imp
  4463 | D:5      | Reached skill level 1 in Summonings
  4734 | D:5      | XOM: cloud trail
  4759 | D:6      | XOM: divination: detect items
  4760 | D:6      | XOM: enchant monster (good)
  4762 | D:6      | XOM: scenery: create altars
  4767 | D:6      | Reached skill level 5 in Staves
  4888 | D:6      | Gained mutation: You are mostly covered in razor-sharp
                  | scales. (AC +2, Slay +2) [demonic ancestry]
  4888 | D:6      | Reached XP level 9. HP: 68/68 MP: 14/14
  4938 | D:6      | XOM: 4-stop teleportation journey
  5044 | D:6      | XOM: 3-stop teleportation journey
  5078 | D:6      | XOM: confuse monster(s)
  5152 | D:6      | XOM: god gift: glowing granite ring {god gift}
  5336 | D:6      | XOM: cloud trail
  5424 | D:7      | Found Vofyid's Armour Boutique.
  5736 | D:7      | XOM: give mutations
  5736 | D:7      | Gained mutation: You have a somewhat thin skeletal
                  | structure. (Dex +2, Stealth+) [Xom's grace]
  5736 | D:7      | Gained mutation: Your system is resistant to poisons.
                  | (rPois) [Xom's grace]
  5736 | D:7      | Gained mutation: You have a moderately thin skeletal
                  | structure. (Dex +4, Stealth++) [Xom's grace]
  5861 | D:7      | XOM: smoke on damage
  6054 | D:7      | Found a flagged portal.
  6070 | Bailey   | Entered a bailey
  6104 | Bailey   | XOM: polymorph human -> rat
  6142 | Bailey   | XOM: scenery: summon butterflies
  6143 | Bailey   | XOM: 1-stop teleportation journey
  6153 | Bailey   | XOM: silly message
  6160 | Bailey   | Reached skill level 6 in Staves
  6160 | Bailey   | Reached skill level 5 in Armour
  6169 | Bailey   | Reached skill level 5 in Spellcasting
  6197 | Bailey   | Noticed a vault guard
  6223 | Bailey   | Killed a vault guard
  6224 | Bailey   | Gained mutation: Your touch may inflict minor irresistible
                  | damage on your foes. [demonic ancestry]
  6224 | Bailey   | Reached XP level 10. HP: 62/76 MP: 17/17
  6279 | Bailey   | Noticed Prince Ribbit
  6279 | Bailey   | Noticed a vault guard
  6284 | Bailey   | Killed Prince Ribbit
  6285 | Bailey   | XOM: noise
  6300 | Bailey   | Killed a vault guard
  6301 | Bailey   | Reached skill level 5 in Dodging
  6351 | Bailey   | XOM: cloud trail
  6669 | D:8      | Reached skill level 5 in Summonings
  6707 | D:8      | Reached skill level 7 in Staves
  6750 | D:8      | Noticed Maggie
  6757 | D:8      | XOM: confuse monster(s)
  6766 | D:8      | Killed Maggie
  6771 | D:8      | Noticed Grum
  6791 | D:8      | Killed Grum
  6910 | D:8      | XOM: confusion (+ monsters)
  6938 | D:8      | Found an opulent altar of Gozag.
  6941 | D:8      | Found a broken altar of Ashenzari.
  7232 | D:9      | XOM: confusion (+ monsters)
  7245 | D:9      | XOM: chaos upgrade
  7247 | D:9      | Gained mutation: You are completely covered in razor-sharp
                  | scales. (AC +3, Slay +3) [demonic ancestry]
  7247 | D:9      | Reached XP level 11. HP: 62/81 MP: 20/20
  7389 | D:9      | XOM: 3-stop teleportation journey
  7612 | D:9      | Found a hazy altar of Hepliaklqana.
  7759 | D:10     | Entered Level 10 of the Dungeon
  7817 | D:10     | XOM: cast spell 'Summon Horrible Things'
  7874 | D:10     | Found a staircase to the Orcish Mines.
  7895 | Orc:1    | Entered Level 1 of the Orcish Mines
  7895 | Orc:1    | Noticed an orc sorcerer
  7910 | Orc:1    | XOM: confusion (+ monsters)
  7915 | Orc:1    | Lost mutation: You have a moderately thin skeletal
                  | structure. (Dex +4, Stealth++) [potion of mutation]
  7915 | Orc:1    | Lost mutation: Your mind is acute. (Int +4, Str/Dex -1)
                  | [potion of mutation]
  7915 | Orc:1    | Lost mutation: Your system is resistant to poisons. (rPois)
                  | [potion of mutation]
  7915 | Orc:1    | Lost mutation: You have a somewhat thin skeletal structure.
                  | (Dex +2, Stealth+) [potion of mutation]
  7915 | Orc:1    | Gained mutation: You have sharp toenails. [potion of
                  | mutation]
  7915 | Orc:1    | Gained mutation: You occasionally lose the ability to read
                  | scrolls when taking damage. [potion of mutation]
  7915 | Orc:1    | Gained mutation: Your spells are harder to cast, but more
                  | powerful. [potion of mutation]
  7916 | Orc:1    | Killed from afar by an orc priest

Illustrated notes

Levels and vault maps discovered:
D:1:      heliophobic_arrival_ceremonial_halls, layout_basic
D:2:      layout_loops_ring, basic_altar,
          hellmonk_ecumenical_altar_defaced_shrine, minmay_bisected,
          uniq_jessica, uniq_crazy_yiuf_cottage
D:3:      minmay_skewed_foursquare, layout_loops_ring, portal_sewer_entry_d,
          chequers_serial_rivers_room_b
D:4:      layout_basic, minmay_temple_entry_sparse_star, serial_undead,
          serial_undead_d, serial_undead_c, serial_undead_b, serial_undead_a,
          kennysheep_opposing_triangles
D:5:      layout_loops_ring
D:6:      layout_rooms, grunt_ministairs_2, hex_intersection, nrook_uturn,
          minmay_manual_mares
D:7:      layout_cave_pools, serial_shops, shop, enter_bailey_3,
          kennysheep_minor_cross, minivault_24, minmay_misc_feat_roman
D:8:      layout_cave_pools, jmf_multi_god_temple2, hangedman_incinerator,
          uniq_maggie, uniq_grum
D:9:      layout_cross, nicolae_hepliaklqana_monster_ancestors
D:10:     layout_roguey, mainiacjoe_overflow_24_doors,
          mainiacjoe_overflow_alcove_1, hiddenorc2_lemuel, serial_shops,
          nicolae_shop_back_alley_shop, uniq_fannar
Orc:1:    layout_caves, mines1_david

Skill      XL: |  1  2  3  4  5  6  7  8  9 10 11 |
---------------+----------------------------------+-----
Dodging        | 1 2 3 4 5 |  5.6
Armour         | 2 3 4 5 |  5.9
Long Blades    | 3 |  3.4
Staves         | 1 2 3 4 5 6 7 |  7.3
Spellcasting   | 1 2 3 5 6 |  6.6
Fighting       | 4 5 6 |  6.8
Evocations     | 1 2 3 4 |  4.9
Summonings     | 1 4 5 6 |  6.1

Action                     |  1- 3 |  4- 6 |  7- 9 | 10-12 || total
---------------------------+-------+-------+-------+-------++-------
  Melee: Falchion          |    41 |       |       |    41 ||    82
         Quarterstaff      |     6 |   126 |   267 |    95 ||   494
         Headbutt          |       |    10 |    49 |    28 ||    87
         Touch             |       |       |       |     7 ||     7
  Throw: Dart              |       |       |       |     3 ||     3
   Cast: Call Imp          |       |       |       |     1 ||     1
  Evoke: Wand              |       |       |    25 |    13 ||    38
         Sack of spiders   |       |       |       |     1 ||     1
    Use: Potion            |       |     5 |     4 |     9 ||    18
         Scroll            |       |     7 |     5 |    12 ||    24
   Stab: Sleeping          |       |     2 |     1 |     1 ||     4
         Confused          |       |       |     4 |       ||     4
         Paralysed         |       |       |     1 |       ||     1
         Petrified         |       |       |     7 |       ||     7
         Petrifying        |       |       |     1 |       ||     1
         Distracted        |       |       |       |     1 ||     1
 Armour: Leather armour    |    20 |       |       |       ||    20
         Robe              |       |    59 |       |       ||    59
         Scale mail        |       |    59 |   176 |    65 ||   300
  Dodge: Dodged            |    25 |    89 |   199 |   129 ||   442
  Block: Other             |     1 |    50 |    59 |    22 ||   132
         Reflection        |       |     1 |     4 |       ||     5
